 Dungeon Crawl Stone Soup version 0.31-a0-175-g9f7f995f2b (webtiles) character file.

Game seed: 15110820879220831949

70 Midn8 the Conjurer (level 4, -9/30 (36) HPs)
             Began as a Draconian Reaver on June 17, 2023.
             Mangled by Ijyb
             ... wielding a +1 dagger of electrocution
              (17 damage)
             ... on level 3 of the Dungeon.
             The game lasted 00:06:02 (2040 turns).

Midn8 the Conjurer (Draconian Reaver)               Turns: 2040, Time: 00:06:03

HP:   -9/30 (36)    AC:  6    Str: 14    XL:     4   Next: 3%
MP:   4/7           EV: 12    Int: 13    God:
Gold: 74            SH:  0    Dex: 12    Spells: 4/7 levels left

rFire   . . .        a - +1 falchion
rCold   . . .        (no shield)
rNeg    . . .        (body armour unavailable)
rPois   .            (helmet restricted)
rElec   .            (no cloak)
rCorr   .            h - +0 pair of gloves
SInv    .            (no boots)
Will    .....        (no amulet)
Stlth   +            (no ring)
HPRegen 0.25/turn    (no ring)
MPRegen 0.10/turn

%: no passive effects
@: immotile, heavily drained
A: AC +5, unfitting armour, cold-blooded
a: no special abilities


You were on level 3 of the Dungeon.
You visited 1 branch of the dungeon, and saw 3 of its levels.

You collected 74 gold pieces.

Inventory:

Hand Weapons
 a - a +1 falchion (weapon)
Armour
 h - a +0 pair of gloves (worn)
Scrolls
 b - a scroll of enchant weapon
 d - a scroll of immolation
 e - a scroll of poison
Potions
 c - 2 potions of brilliance
 g - a potion of ambrosia {unknown}


   Skills:
 - Level 2.1 Fighting
 - Level 3.0 Long Blades
 - Level 1.7 Dodging
 - Level 2.0 Spellcasting
 - Level 3.5 Conjurations
 + Level 3.1 Translocations


You had 4 spell levels left.
You knew the following spells:

 Your Spells              Type           Power      Damage    Failure   Level
a - Kiss of Death         Conj/Necr      20%        2d7       12%         1
s - Momentum Strike       Conj/Tloc      20%        3d8       10%         2

Your spell library contained the following spells:

 Spells                   Type           Power      Damage    Failure   Level
 Freeze                   Ice            4%         1d3       26%         1
 Hailstorm                Conj/Ice       5%         3d4       36%         3
 Frozen Ramparts          Ice            2%         1d1       58%         3
 Summon Guardian Golem    Hex/Summ       1%         N/A       58%         3
 Orb of Destruction       Conj           5%         9d5       100%        7
 Spellforged Servitor     Conj/Summ      2%         N/A       100%        7


Dungeon Overview and Level Annotations

Branches:
Dungeon (3/15)

Altars:
Qazlal

Annotations:
D:3 Grinder, Ijyb, Robin


Innate Abilities, Weirdness & Mutations

Your plain brown scales are hard. (AC +5)
You cannot fit into any form of body armour.
You are cold-blooded and may be slowed by cold attacks.


Message History

a +0 club; a goblin corpse
There is a stone staircase leading down here.
You climb downwards.
Level annotation: Grinder, Ijyb, Robin Ijyb shouts!
Ijyb misses you. x2; The bat hits you but does no damage.
There is a stone staircase leading up here.
Casting: Momentum Strike (safe; 10% risk of failure)
Confirm with . or Enter, or press ? or * to list all spells.
Aiming: Kiss of Death (safe; 12% risk of failure)
Press: ? - help, Shift-Dir - straight line, f - Ijyb
Aim: Ijyb, wielding a +1 dagger of electrocution and wearing a +0 leather armour (100% to hit)
The negative energy hits Ijyb.
Ijyb is drained!
Ijyb is moderately wounded.
You feel drained. The bat hits you but does no damage.
Ijyb hits you with a +1 dagger of electrocution.
You are electrocuted!
Ouch! That really hurt!
Casting: Kiss of Death (safe; 12% risk of failure)
Confirm with . or Enter, or press ? or * to list all spells.
Aiming: Momentum Strike (safe; 10% risk of failure)
Press: ? - help, Dir - move target, f/p - Ijyb
Aim: Ijyb, wielding a +1 dagger of electrocution and wearing a +0 leather armour (moderately wounded, heavily drained, 60% to hit)
The concentrated momentum hits Ijyb.
Ijyb is severely wounded.
You are unable to move.
The bat misses you.
Ijyb hits you with a +1 dagger of electrocution.
* * * LOW HITPOINT WARNING * * *
Unknown command.
You closely miss Ijyb.
Ijyb is severely wounded.
Ijyb barely misses you.
You hit Ijyb but do no damage.
Ijyb is severely wounded.
The bat misses you.
Ijyb hits you with a +1 dagger of electrocution.
* * * LOW HITPOINT WARNING * * *
You are electrocuted!
Ouch! That really hurt!
You die...

.............#
##?..#.#####..
.##...#.#
#..###..#....)....r
#. #..#.#
#...)g)###.#†####.#
....
#..###..#..._..##.#
#.. #..#
##...##.#....#
#..##.###..#
##.##....####
#.........#
#.##.#.##
.....#####)####
#.... .# .##
##.@).# ####. ##
#.#####..g#........
#...........#######
#######...### ...##
#####


You could see Ijyb (very drained).

Vanquished Creatures
  An adder (D:3)
  A dart slug (D:2)
  4 ball pythons
  8 endoplasms
  3 giant cockroaches
  14 goblins
  4 hobgoblins
  3 quokkas
  2 bats (D:2)
  A frilled lizard (D:2)
  3 kobolds
  8 rats
52 creatures vanquished.

Notes
Turn   | Place    | Note
-------+----------+-------------------------------------------
     0 | D:1      | Midn8 the Draconian Reaver began the quest for the Orb.
     0 | D:1      | Reached XP level 1. HP: 17/17 MP: 3/3
   203 | D:1      | Reached XP level 2. HP: 24/24 MP: 5/5
   206 | D:1      | Learned a level 2 spell: Momentum Strike
   296 | D:1      | Found a faded altar of an unknown god.
   312 | D:1      | Reached skill level 1 in Translocations
   959 | D:2      | Reached XP level 3. HP: 29/29 MP: 1/6
  1727 | D:3      | Noticed Ijyb
  1750 | D:3      | Noticed Grinder
  1808 | D:3      | Found a stormy altar of Qazlal.
  1827 | D:3      | Noticed Robin
  1945 | D:2      | Reached XP level 4. HP: 16/36 MP: 4/7
  2040 | D:3      | Mangled by Ijyb

Illustrated notes

Levels and vault maps discovered:
D:1:      dpeg_arrival_rooms_b, layout_rooms, serial_forest,
          infiniplex_forest_clump_tiny, infiniplex_forest_end_3,
          infiniplex_forest_clump_double, infiniplex_forest_lined_3,
          infiniplex_forest_end_3, hellmonk_ecumenical_altar_blasted
D:2:      layout_rooms, hex_large
D:3:      layout_loops_ring, nicolae_dithmenos_the_darkroom,
          lemuel_crystal_altar, chequers_serial_rivers_small_b,
          palyth_stone_intersect, uniq_grinder, uniq_ijyb, uniq_robin

Skill      XL: |  1  2  3 |
---------------+----------+-----
Translocations | 1 3 |  3.1
Fighting       | |  2.1
Long Blades    | |  3.0
Dodging        | |  1.7
Spellcasting   | |  2.0
Conjurations   | |  3.5

Action                     |  1- 3 |  4- 6 || total
---------------------------+-------+-------++-------
  Melee: Falchion          |   105 |     4 ||   109
         Tailslap          |    11 |       ||    11
         Punch             |     1 |       ||     1
   Cast: Momentum Strike   |    20 |     1 ||    21
         Kiss of Death     |       |     1 ||     1
    Use: Scroll            |     6 |       ||     6
 Armour: Skin              |    43 |     2 ||    45
  Dodge: Dodged            |    68 |     6 ||    74

Table legend: (Time is in decaauts)
 A = Elapsed time spent in this place.
 B = Non-inter-level travel time spent in this place.
 C = Inter-level travel time spent in this place.
 D = Time resting spent in this place.
 E = Time spent auto-exploring this place.
 F = Levels seen in this place.
 G = Mean time per level.
                   A        B        C        D        E       F      G
               +--------+--------+--------+--------+--------+-----+--------+
         Total |   2064 |   1904 |    160 |    625 |    852 |   3 |  688.0 |
       Dungeon |   2064 |   1904 |    160 |    625 |    852 |   3 |  688.0 |
               +--------+--------+--------+--------+--------+-----+--------+

Top non-repeatable levels by time:
     D:2: 1049 daAuts
     D:1: 916 daAuts
     D:3: 98 daAuts
